 Dungeon Crawl Stone Soup version 0.29.1-13-g9f3cf754e1 (webtiles) character file.

Game seed: 12745451452560852044

51 croobank the Sneak (level 3, -3/39 HPs)
             Began as an Octopode Delver on Feb 8, 2023.
             Slain by an iguana (12 damage)
             ... on level 5 of the Dungeon.
             The game lasted 00:00:58 (366 turns).

croobank the Sneak (Octopode Delver)                 Turns: 366, Time: 00:00:58

Health: -3/39      AC:  1    Str: 13    XL:     3   Next: 81%
Magic:  12/12      EV: 13    Int: 12    God:
Gold:   10         SH:  0    Dex: 13    Spells: 2/2 levels left

rFire   . . .      SeeInvis .   i - +2 dagger of Yliodati {pain, *Rage rElec MP+9}
rCold   . . .      Faith    .   (no shield)
rNeg    . . .      Spirit   .   (helmet restricted)
rPois   .          Reflect  .   (no amulet)
rElec   +          Harm     .   (no ring)
rCorr   .          Rampage  .   (no ring)
Will    .....      Rage     20% (no ring)
Stlth   ..........              (no ring)
HPRegen 0.13/turn               (no ring)
MPRegen 0.13/turn               (no ring)
                                (no ring)
                                (no ring)

@: berserking (expiring), hasted, very quick
A: almost no armour, amphibious, 8 rings, camouflage 1, gelatinous body 1,
(nimble swimmer 1), tentacles
a: no special abilities


You were on level 5 of the Dungeon.
You visited 1 branch of the dungeon, and saw 3 of its levels.

You collected 10 gold pieces.

Inventory:

Hand Weapons
 a - a +0 hand axe
 i - the +2 dagger of Yliodati (weapon) {pain, *Rage rElec MP+9}
   (You found it on level 5 of the Dungeon)

   In the hands of one skilled in necromantic magic, it inflicts extra damage on
   living creatures.
   rElec:     It insulates you from electricity.
   MP:        It affects your magic capacity (+9).
   *Rage:     It berserks you when you make melee attacks (+20% chance).
Wands
 f - a wand of digging (3)
Scrolls
 b - a scroll of fog
 c - a scroll of magic mapping
 d - a scroll of fear
 e - a scroll of butterflies {unknown}
 h - a scroll of immolation {unknown}
 j - a scroll of amnesia {unknown}
Potions
 g - 2 potions of degeneration {unknown}


   Skills:
 + Level 3.4 Fighting
 + Level 2.5 Axes
 + Level 2.6 Dodging
 + Level 7.1 Stealth


You had 2 spell levels left.
You didn't know any spells.
Your spell library was empty.

Dungeon Overview and Level Annotations

Branches:
Dungeon (7/15)
 Temple: D:4-7

Altars:


Innate Abilities, Weirdness & Mutations

You cannot wear most types of armour.
You are amphibious.
You can wear up to eight rings at the same time.
Your skin changes colour to match your surroundings (Stealth+).
Your rubbery body absorbs attacks. (AC +1, EV +1)
((You are camouflaged when in or above water. (Stealth+)))
You have tentacles for arms and can constrict up to eight enemies at once.


Message History

You constrict the hound. The hound barely misses you. The hound bites you.
You hit the hound. You squeeze the hound.
The hound is almost dead.
You constrict the hound. The hound bites you.
* * * LOW HITPOINT WARNING * * *
You hit the hound.
You kill the hound!
Your Stealth skill increases to level 7!
You have reached level 3!
Your experience leads to an increase in your attributes!
Increase (S)trength, (I)ntelligence, or (D)exterity?
You feel stronger. x2
You feel yourself speed up. The scorpion barely misses you.
Found a scroll labelled EBOOLL SECITOEN.
Found 2 scrolls labelled SAMNAAC WOSI.
You see here a scroll labelled GOAKLE VETEQ.
e - a scroll labelled GOAKLE VETEQ An adder comes into view.
There are no items here.
You see here a scroll labelled EBOOLL SECITOEN.
j - a scroll labelled EBOOLL SECITOEN An iguana comes into view.
A red film seems to cover your vision as you go berserk!
You feel yourself moving faster!
You feel mighty!
The helpless adder fails to defend itself.
You impale the adder!!
You kill the adder!
The iguana hisses angrily.
You feel a strong urge to attack something.
You hit the iguana. You grab the iguana.
The iguana is moderately wounded.
You constrict the iguana. The iguana completely misses you.
You barely miss the iguana. You squeeze the iguana.
The iguana is heavily wounded.
You constrict the iguana, but do no damage.
You hit the iguana.
The iguana is severely wounded.
You constrict the iguana, but do no damage.
The iguana bites you!
You die...

.#..#.......##.....
...##.................#
.#..#.................#
.#....................#.
........................
^............?..........
.....................#
.#..................#
##............s.@l..##
...............†........
................#.......
...............#######..
................# #
.......#..##.#..#
......########.## ####..
### .#


You could see a scorpion and an iguana.

Vanquished Creatures
  A hound (D:5)
  A gnoll (D:6)
  An adder (D:5)
3 creatures vanquished.

Notes
Turn   | Place    | Note
-------+----------+-------------------------------------------
     0 | D:5      | croobank the Octopode Delver began the quest for the Orb.
     0 | D:5      | Reached XP level 1. HP: 16/16 MP: 1/1
     9 | D:7      | Noticed a bullfrog
    14 | D:6      | Reached XP level 2. HP: 7/21 MP: 2/2
   236 | D:5      | Noticed a water moccasin
   238 | D:5      | Identified the +2 dagger of Yliodati {pain, *Rage rElec
                  | MP+9}
   327 | D:5      | Noticed a scorpion
   334 | D:5      | Reached skill level 7 in Stealth
   334 | D:5      | Reached XP level 3. HP: 4/26 MP: 3/3
   366 | D:5      | Slain by an iguana

Illustrated notes

Levels and vault maps discovered:
D:5:      layout_cave_pools, corexii_corridor_pit
D:6:      layout_cave_pools, minmay_temple_entry_antechambers
D:7:      layout_rooms, lemuel_round_altar, serial_shops, kennysheep_mini

Skill      XL: |  1  2 |
---------------+-------+-----
Stealth        | 7 |  7.1
Fighting       | |  3.4
Axes           | |  2.5
Dodging        | |  2.6

Action                   || total
-------------------------++-------
Melee: Tentacles         ||     6
       Hand axe          ||     2
       Constrict         ||     3
       Dagger            ||     9
  Use: Potion            ||     1
 Stab: Sleeping          ||     1
Armor: Skin              ||     1
Dodge: Dodged            ||     7
